 Dungeon Crawl Stone Soup version 0.29.0-4-gdea44cf6ec (webtiles) character file.

Game seed: 10768102326053712405

37 qw the Chopper (level 3, -5/21 HPs)
             Began as a Tengu Warper on Aug 28, 2022.
             Killed by divine providence
             ... invoked by an orc priest
              (13 damage)
             ... on level 2 of the Dungeon.
             The game lasted 00:00:16 (1344 turns).

qw the Chopper (Tengu Warper)                       Turns: 1344, Time: 00:00:17

Health: -5/21      AC:  3    Str: 10 (13) XL:     3   Next: 39%
Magic:  7/7        EV: 11    Int: 10 (13) God:
Gold:   87         SH:  0    Dex: 12 (13) Spells: 6/6 levels left

rFire   . . .      SeeInvis .   Y - +2 hand axe
rCold   . . .      Faith    .   (no shield)
rNeg    . . .      Spirit   .   b - +0 leather armour
rPois   .          Reflect  .   (helmet restricted)
rElec   .          Harm     .   (no cloak)
rCorr   .          Rampage  .   (no gloves)
Will    .....                   (boots unavailable)
Stlth   +.........              (no amulet)
HPRegen 0.07/turn               (no ring)
MPRegen 0.10/turn               (no ring)

@: confused
A: beak, talons 3
a: no special abilities


You were on level 2 of the Dungeon.
You visited 1 branch of the dungeon, and saw 2 of its levels.

You collected 87 gold pieces.


Innate Abilities, Weirdness & Mutations

You have a beak for a mouth.
You have claws for feet.


   Skills:
 - Level 2.0 Fighting
 + Level 4.1 Axes
 - Level 1.0 Throwing
 - Level 1.1 Armour
 - Level 2.1 Dodging
 - Level 2.0 Spellcasting
 - Level 2.4 Translocations


You had 6 spell levels left.
You didn't know any spells.
Your spell library contained the following spells:

 Spells                   Type           Power      Damage    Failure   Level
 Blink                    Tloc           10%        N/A       24%         2
 Gell's Gravitas          Tloc           5%         N/A       43%         3
 Lesser Beckoning         Tloc           5%         N/A       43%         3
 Teleport Other           Tloc           5%         N/A       43%         3
 Manifold Assault         Tloc           5%         N/A       99%         5

Inventory:

Hand Weapons
 a - a +0 mace
 Y - a +2 hand axe (weapon)
Armour
 b - a +0 leather armour (worn)
 f - a +0 ring mail
Potions
 c - a potion of ambrosia {unknown}
 d - a potion of cancellation {unknown}
 e - a potion of mutation {unknown}

Dungeon Overview and Level Annotations

Branches:
Dungeon (2/15)

Altars:


Message History

You claw the orc priest, but do no damage.
You peck the orc priest.
The orc priest is moderately wounded.
The orc priest hits you with a +0 club.
You hit the orc priest. You claw the orc priest.
The orc priest is heavily wounded.
The orc priest hits you but does no damage.
You hit the orc priest but do no damage.
You peck the orc priest, but do no damage.
The orc priest is heavily wounded.
The orc priest casts a cantrip, but nothing happens.
The orc priest hits you with a +0 club.
The orc wizard shouts!
You hear a shout!
You hit the orc priest but do no damage.
Your kick misses the orc priest.
The orc priest is heavily wounded.
The orc priest barely misses you.
You hit the orc priest.
The orc priest is severely wounded.
The orc priest hits you with a +0 club.
You hit the orc priest but do no damage.
Your peck misses the orc priest.
The orc priest is severely wounded.
You hit the orc wizard.
The orc priest calls upon Beogh to heal the orc wizard.
The orc wizard's wounds heal themselves!
The orc wizard points at you and mumbles some strange words.
You are confused.
You hear a shout!
You hit the orc priest but do no damage.
Your kick misses the orc priest. Your peck misses the orc priest.
The orc priest is severely wounded.
You hit the orc wizard.
You hear a shout!
The orc priest hits you with a +0 club. The orc wizard barely misses you.
You bump into the rock wall.
The orc priest calls down the wrath of Beogh upon you.
Beogh smites you!
Ouch! That really hurt!
You die...

#.#########.#.o..
#.#.#
#.%......##.#...
..#.# #.######.##....
.##.# #........#....
.. ..# #.#####..##..
# #. ###
#..........o# .#
#.#####..##.# .. #.#
..##.###.#.#
#.#####..##oo@....#
###........###o######
#........### #.#
#.######.#####.####
#.####...##.......#
#.#.......#.##.##.#
#.#.................
#.#.......#)##.##.###
#........##...... #


You could see an orc priest, an orc wizard and an orc.

Vanquished Creatures
  An adder (D:2)
  A dart slug (D:1)
  2 orcs (D:2)
  An endoplasm (D:1)
  A giant cockroach (D:1)
  3 goblins (D:1)
  3 hobgoblins (D:1)
  2 quokkas (D:1)
  3 ball pythons
  3 bats
  A frilled lizard (D:1)
  2 kobolds
  A rat (D:1)
24 creatures vanquished.

Vanquished Creatures (others)
  3 plants (D:1)
3 creatures vanquished.

Grand Total: 27 creatures vanquished

Notes
Turn   | Place    | Note
-------+----------+-------------------------------------------
     0 | D:1      | qw the Tengu Warper began the quest for the Orb.
     0 | D:1      | Reached XP level 1. HP: 12/12 MP: 4/4
     0 | D:1      | 0 ||| qw: Version: 0.1-a-89-g26bdef1
     0 | D:1      | 0 ||| qw: Game counter: 1481
     0 | D:1      | 0 ||| qw: Always use a shield: true
     0 | D:1      | 0 ||| qw: God list: Okawaru
     0 | D:1      | 0 ||| qw: Allow faded altars: false
     0 | D:1      | 0 ||| qw: Do Orc after D:15 true
     0 | D:1      | 0 ||| qw: Do second Lair branch before Depths: true
     0 | D:1      | 0 ||| qw: Lair rune preference: random
     0 | D:1      | 0 ||| qw: Plans: Normal
     0 | D:1      | 0 ||| PLANNING D:1-11
   183 | D:1      | 183 ||| Stepping ~*~*~tactically~*~*~ (stealth).
   185 | D:1      | 185 ||| Stepping ~*~*~tactically~*~*~ (stealth).
   242 | D:1      | Reached skill level 3 in Axes
   242 | D:1      | Reached XP level 2. HP: 12/17 MP: 6/6
   334 | D:1      | 334 ||| Stepping ~*~*~tactically~*~*~ (hiding).
   436 | D:1      | 436 ||| Stepping ~*~*~tactically~*~*~ (hiding).
   777 | D:1      | 777 ||| Stepping ~*~*~tactically~*~*~ (stealth).
   779 | D:1      | 779 ||| Stepping ~*~*~tactically~*~*~ (stealth).
   781 | D:1      | 781 ||| Stepping ~*~*~tactically~*~*~ (stealth).
   784 | D:1      | 784 ||| Stepping ~*~*~tactically~*~*~ (stealth).
   785 | D:1      | 785 ||| Stepping ~*~*~tactically~*~*~ (stealth).
   787 | D:1      | 787 ||| Stepping ~*~*~tactically~*~*~ (stealth).
   790 | D:1      | 790 ||| Stepping ~*~*~tactically~*~*~ (stealth).
   792 | D:1      | 792 ||| Stepping ~*~*~tactically~*~*~ (stealth).
   870 | D:1      | 870 ||| READING scroll labelled MIEDDI SEYVY.
   874 | D:1      | 874 ||| READING scroll labelled JATOEH BIEK.
   875 | D:1      | 875 ||| READING 2 scrolls labelled DOTHRINK XALUZ.
   876 | D:1      | 876 ||| READING scroll of enchant weapon.
   876 | D:1      | 876 ||| ENCHANTING +1 hand axe.
   877 | D:1      | 877 ||| READING scroll labelled VAPEKKEAVOU.
   878 | D:1      | 878 ||| DRINKING 2 fuming coppery potions.
   879 | D:1      | 879 ||| DROPPING scroll of blinking.
   880 | D:1      | 880 ||| DROPPING potion of degeneration.
   912 | D:2      | Reached XP level 3. HP: 12/21 MP: 7/7
  1067 | D:2      | 1067 ||| Stepping randomly (stuck).
  1068 | D:2      | 1068 ||| Stepping randomly (stuck).
  1069 | D:2      | 1069 ||| Stepping randomly (stuck).
  1070 | D:2      | 1070 ||| Stepping randomly (stuck).
  1071 | D:2      | 1071 ||| Stepping randomly (stuck).
  1072 | D:2      | 1072 ||| Stepping randomly (stuck).
  1073 | D:2      | 1073 ||| Stepping randomly (stuck).
  1074 | D:2      | 1074 ||| Stepping randomly (stuck).
  1075 | D:2      | 1075 ||| Stepping randomly (stuck).
  1076 | D:2      | 1076 ||| Stepping randomly (stuck).
  1077 | D:2      | 1077 ||| Stepping randomly (stuck).
  1078 | D:2      | 1078 ||| Stepping randomly (stuck).
  1079 | D:2      | 1079 ||| Stepping randomly (stuck).
  1080 | D:2      | 1080 ||| Stepping randomly (stuck).
  1081 | D:2      | 1081 ||| Stepping randomly (stuck).
  1085 | D:2      | 1085 ||| DROPPING +0 club.
  1086 | D:2      | 1086 ||| Stepping randomly (stuck).
  1087 | D:2      | 1087 ||| Stepping randomly (stuck).
  1088 | D:2      | 1088 ||| Stepping randomly (stuck).
  1089 | D:2      | 1089 ||| Stepping randomly (stuck).
  1090 | D:2      | 1090 ||| Stepping randomly (stuck).
  1091 | D:2      | 1091 ||| Stepping randomly (stuck).
  1092 | D:2      | 1092 ||| Stepping randomly (stuck).
  1093 | D:2      | 1093 ||| Stepping randomly (stuck).
  1095 | D:2      | 1095 ||| Stepping randomly (stuck).
  1097 | D:2      | 1097 ||| Stepping randomly (stuck).
  1098 | D:2      | 1098 ||| Stepping randomly (stuck).
  1100 | D:2      | 1100 ||| Stepping randomly (stuck).
  1101 | D:2      | 1101 ||| Stepping randomly (stuck).
  1103 | D:2      | 1103 ||| Stepping randomly (stuck).
  1105 | D:2      | 1105 ||| Stepping randomly (stuck).
  1107 | D:2      | 1107 ||| Stepping randomly (stuck).
  1108 | D:2      | 1108 ||| Stepping randomly (stuck).
  1109 | D:2      | 1109 ||| Stepping randomly (stuck).
  1110 | D:2      | 1110 ||| Stepping randomly (stuck).
  1111 | D:2      | 1111 ||| Stepping randomly (stuck).
  1112 | D:2      | 1112 ||| Stepping randomly (stuck).
  1113 | D:2      | 1113 ||| Stepping randomly (stuck).
  1115 | D:2      | 1115 ||| Stepping randomly (stuck).
  1116 | D:2      | 1116 ||| Stepping randomly (stuck).
  1118 | D:2      | 1118 ||| Stepping randomly (stuck).
  1120 | D:2      | 1120 ||| Stepping randomly (stuck).
  1121 | D:2      | 1121 ||| Stepping randomly (stuck).
  1123 | D:2      | 1123 ||| Stepping randomly (stuck).
  1125 | D:2      | 1125 ||| Stepping randomly (stuck).
  1126 | D:2      | 1126 ||| Stepping randomly (stuck).
  1127 | D:2      | 1127 ||| Stepping randomly (stuck).
  1128 | D:2      | 1128 ||| Stepping randomly (stuck).
  1130 | D:2      | 1130 ||| Stepping randomly (stuck).
  1131 | D:2      | 1131 ||| Stepping randomly (stuck).
  1133 | D:2      | 1133 ||| Stepping randomly (stuck).
  1134 | D:2      | 1134 ||| Stepping randomly (stuck).
  1135 | D:2      | 1135 ||| Stepping randomly (stuck).
  1137 | D:2      | 1137 ||| Stepping randomly (stuck).
  1138 | D:2      | 1138 ||| Stepping randomly (stuck).
  1139 | D:2      | 1139 ||| Stepping randomly (stuck).
  1140 | D:2      | 1140 ||| Stepping randomly (stuck).
  1141 | D:2      | 1141 ||| Stepping randomly (stuck).
  1142 | D:2      | 1142 ||| Stepping randomly (stuck).
  1143 | D:2      | 1143 ||| Stepping randomly (stuck).
  1144 | D:2      | 1144 ||| Stepping randomly (stuck).
  1145 | D:2      | 1145 ||| Stepping randomly (stuck).
  1146 | D:2      | 1146 ||| Stepping randomly (stuck).
  1147 | D:2      | 1147 ||| Stepping randomly (stuck).
  1148 | D:2      | 1148 ||| Stepping randomly (stuck).
  1149 | D:2      | 1149 ||| Stepping randomly (stuck).
  1150 | D:2      | 1150 ||| Stepping randomly (stuck).
  1151 | D:2      | 1151 ||| Stepping randomly (stuck).
  1152 | D:2      | 1152 ||| Stepping randomly (stuck).
  1153 | D:2      | 1153 ||| Stepping randomly (stuck).
  1155 | D:2      | 1155 ||| Stepping randomly (stuck).
  1157 | D:2      | 1157 ||| Stepping randomly (stuck).
  1159 | D:2      | 1159 ||| Stepping randomly (stuck).
  1160 | D:2      | 1160 ||| Stepping randomly (stuck).
  1162 | D:2      | 1162 ||| Stepping randomly (stuck).
  1164 | D:2      | 1164 ||| Stepping randomly (stuck).
  1166 | D:2      | 1166 ||| Stepping randomly (stuck).
  1167 | D:2      | 1167 ||| Stepping randomly (stuck).
  1168 | D:2      | 1168 ||| Stepping randomly (stuck).
  1169 | D:2      | 1169 ||| Stepping randomly (stuck).
  1171 | D:2      | 1171 ||| Stepping randomly (stuck).
  1172 | D:2      | 1172 ||| Stepping randomly (stuck).
  1173 | D:2      | 1173 ||| Stepping randomly (stuck).
  1174 | D:2      | 1174 ||| Stepping randomly (stuck).
  1260 | D:2      | Reached skill level 4 in Axes
  1325 | D:2      | 1325 ||| Stepping ~*~*~tactically~*~*~ (stealth).
  1327 | D:2      | 1327 ||| Stepping ~*~*~tactically~*~*~ (hiding).
  1328 | D:2      | 1328 ||| Stepping ~*~*~tactically~*~*~ (hiding).
  1332 | D:2      | 1332 ||| Stepping ~*~*~tactically~*~*~ (hiding).
  1334 | D:2      | 1334 ||| Stepping ~*~*~tactically~*~*~ (hiding).
  1344 | D:2      | Killed from afar by an orc priest

Levels and vault maps discovered:
D:1:      shiori_arrival_oz, layout_rooms, serial_bayou_pond_b,
          minmay_misc_feat_square
D:2:      cheibrodos_pilgrimage, layout_loops_corners

Skill      XL: |  1  2  3 |
---------------+----------+-----
Axes           | 3 4 |  4.1
Fighting       | |  2.0
Throwing       | |  1.0
Armour         | |  1.1
Dodging        | |  2.1
Spellcasting   | |  2.0
Translocations | |  2.4

Action                   || total
-------------------------++-------
Melee: Hand axe          ||    63
       Kick              ||     9
       Peck              ||     8
       Punch             ||     1
Throw: Boomerang         ||     7
  Use: Scroll            ||     5
       Potion            ||     1
Armor: Leather armour    ||    14
Dodge: Dodged            ||    30

Table legend:
 A = Non-vault XP
 B = Vault XP
 C = Vault XP percentage of total XP
 D = Non-vault monster count
 E = Vault monster count
 F = Vault count percentage of total count
                 A         B        C        D         E       F
            +---------+---------+-------+---------+---------+-------
      Total |      33 |      20 |  37.7 |      15 |       9 |  37.5
            +---------+---------+-------+---------+---------+-------
        D:1 |      17 |      14 |  45.2 |      11 |       7 |  38.9
        D:2 |      16 |       6 |  27.3 |       4 |       2 |  33.3
            +---------+---------+-------+---------+---------+-------
